 Dungeon Crawl Stone Soup version 0.28-a0-1404-g4df0f3684d (webtiles) character file.

Game seed: 8100128948044250104

35 kae the Changer (level 3, -2/28 HPs)
             Began as a Draconian Transmuter on Jan 5, 2022.
             Splashed by a jelly's acid (5 damage)
             ... on level 2 of the Dungeon.
             The game lasted 00:01:04 (1507 turns).

kae the Changer (Draconian Transmuter)              Turns: 1507, Time: 00:01:05

Health: -2/28      AC: -6    Str: 12    XL:     3   Next: 17%
Magic:  3/6        EV: 19    Int: 15    God:
Gold:   28         SH:  0    Dex: 16    Spells: 3/7 levels left

rFire   . . .      SeeInvis .     - Unarmed
rCold   . . .      Faith    .   (shield currently unavailable)
rNeg    . . .      Spirit   .   (armour unavailable)
rPois   x          Reflect  .   (helmet currently unavailable)
rElec   .          Harm     .   (cloak currently unavailable)
rCorr   .          Rampage  .   (gloves currently unavailable)
Will    .....                   (boots currently unavailable)
Stlth   +.........              (no amulet)
HPRegen 0.09/turn               (no ring)
MPRegen 0.10/turn               (no ring)

@: spider-form (expiring), corroded
A: venomous fangs, AC +5, tiny, unfitting armour, (cold-blooded)
a: End Transformation


You were on level 2 of the Dungeon.
You were a venomous arachnid creature.
You visited 1 branch of the dungeon, and saw 2 of its levels.

You collected 28 gold pieces.

Inventory:

Scrolls
 c - a scroll of immolation {unknown}
Potions
 a - a potion of curing {unknown}
 b - a potion of mutation {unknown}


   Skills:
 - Level 1.1 Fighting
 - Level 1.7 Dodging
 - Level 3.0 Unarmed Combat
 + Level 2.5 Spellcasting
 * Level 3.2 Transmutations
 * Level 0.1 Poison Magic


You had 3 spell levels left.
You knew the following spells:

 Your Spells              Type           Power      Damage    Failure   Level
a - Beastly Appendage     Tmut           22%        N/A       16%         1
b - Spider Form           Tmut/Pois      6%         N/A       54%         3

Your spell library contained the following spells:

 Spells                   Type           Power      Damage    Failure   Level
 Wereblood                Tmut           11%        N/A       22%         2
 Sublimation of Blood     Necr           1%         N/A       54%         2
 Ice Form                 Ice/Tmut       6%         N/A       88%         4
 Summon Hydra             Summ           0%         N/A       100%        7


Dungeon Overview and Level Annotations

Branches:
Dungeon (2/15)

Altars:


Innate Abilities, Weirdness & Mutations

You are a venomous arachnid creature.
You have poisonous fangs.
You are tiny and dextrous.
Your spellcasting is less reliable in this form.
Your armour is entirely melded.
You are incapable of wielding weapons or throwing items.
((Your plain brown scales are hard. (AC +5)))
You cannot fit into any form of body armour.
((You are cold-blooded and may be slowed by cold attacks.))


Message History

a +0 club; 2 stones
Things that are here:
a +0 club; 2 stones The jelly quivers.
The endoplasm quivers.
Things that are here:
a +0 club; 2 stones
Casting: Beastly Appendage (safe; 6% risk of failure)
Confirm with . or Enter, or press ? or * to list all spells.
The spell is extremely dangerous to miscast (32% risk of failure)!
Continue anyway? [Y]es or [N]o only, please.
The spell is extremely dangerous to miscast (32% risk of failure)!
Continue anyway?
You turn into a venomous arachnid creature.
You hit the endoplasm.
The endoplasm is moderately wounded.
The endoplasm closely misses you.
You bite the endoplasm!
You kill the endoplasm!
You hit the jelly.
Your front legs burn!
The jelly is lightly wounded.
The jelly hits you.
You are splashed with acid!
You are too injured to fight recklessly!
You are too injured to fight recklessly!
You are too injured to fight recklessly!
You are too injured to fight recklessly!
You are too injured to fight recklessly!
You bite the jelly! The acid corrodes you!
Your front legs burn!
The jelly is heavily wounded.
You hit the jelly but do no damage.
The jelly is poisoned.
The acid corrodes you!
Your front legs burn!
* * * LOW HITPOINT WARNING * * *
The jelly is heavily wounded.
Your transformation is almost over.
The jelly completely misses you.
You hit the jelly but do no damage.
Your front legs burn!
* * * LOW HITPOINT WARNING * * *
The jelly is heavily wounded.
The jelly hits you.
* * * LOW HITPOINT WARNING * * *
The acid corrodes you!
You are splashed with acid.
You die...

###### #######..#
....J.# ##########.###
.PJ..รท'##......###...#
#.#.....(.##.#>#
#.#........'.#.#
#.#........'...#
#)#'#......'...#
#J#.#.(...##.#..#
#s#.#....######.#
##.####### .# ### . ##


You could see a jelly (very poisoned).

Vanquished Creatures
  A dart slug (D:1)
  3 endoplasms
  2 giant cockroaches (D:1)
  5 goblins
  2 hobgoblins (D:1)
  A quokka (D:1)
  2 ball pythons (D:1)
  2 bats (D:1)
  10 kobolds
  A rat (D:1)
29 creatures vanquished.

Vanquished Creatures (others)
  7 plants (D:1)
  8 toadstools (D:2)
15 creatures vanquished.

Grand Total: 44 creatures vanquished

Notes
Turn   | Place    | Note
-------+----------+-------------------------------------------
     0 | D:1      | kae the Draconian Transmuter began the quest for the Orb.
     0 | D:1      | Reached XP level 1. HP: 16/16 MP: 3/3
   280 | D:1      | Reached XP level 2. HP: 23/23 MP: 5/5
   772 | D:1      | Found a faded altar of an unknown god.
  1249 | D:2      | Reached XP level 3. HP: 18/28 MP: 4/6
  1258 | D:2      | Learned a level 3 spell: Spider Form
  1507 | D:2      | Splashed by a jelly's acid

Illustrated notes

Levels and vault maps discovered:
D:1:      dpeg_arrival_another_circle, layout_loops_ring, serial_forest,
          infiniplex_forest_lined_1, infiniplex_forest_corner_2,
          infiniplex_forest_clump_curved, infiniplex_forest_fountain,
          infiniplex_forest_clump_small, infiniplex_forest_clump_medium,
          infiniplex_forest_clump_double, infiniplex_forest_clump_tiny,
          infiniplex_forest_lined_2, shapermc_ecumenical_altar_acropolis,
          corexii_item_surrounded_by_moat
D:2:      cheibrodos_fertilizer, layout_basic

Skill      XL: |  1  2 |
---------------+-------+-----
Transmutations | 3 |  3.2
Fighting       | |  1.1
Dodging        | |  1.7
Unarmed Combat | |  3.0
Spellcasting   | |  2.5
Poison Magic   | |  0.1

Action                   || total
-------------------------++-------
Melee: Unarmed           ||    85
       Kick              ||    10
       Tailslap          ||     6
       Headbutt          ||     3
       Punch             ||     1
 Cast: Beastly Appendage ||    17
       Spider Form       ||     1
  Use: Scroll            ||     2
 Stab: Sleeping          ||     1
Armor: Skin              ||    23
Dodge: Dodged            ||    49

Table legend: (Time is in decaauts)
 A = Elapsed time spent in this place.
 B = Non-inter-level travel time spent in this place.
 C = Inter-level travel time spent in this place.
 D = Time resting spent in this place.
 E = Time spent auto-exploring this place.
 F = Levels seen in this place.
 G = Mean time per level.
                   A        B        C        D        E       F      G
               +--------+--------+--------+--------+--------+-----+--------+
         Total |   1504 |   1485 |     19 |     80 |   1146 |   2 |  752.0 |
       Dungeon |   1504 |   1485 |     19 |     80 |   1146 |   2 |  752.0 |
               +--------+--------+--------+--------+--------+-----+--------+

Top non-repeatable levels by time:
     D:1: 1135 daAuts
     D:2: 368 daAuts
